 Dungeon Crawl Stone Soup version 0.21-a0-110-g8e1637b (webtiles) character file.

63 sagitran the Skirmisher (level 3, -1/29 HPs)
             Began as a Demonspawn Abyssal Knight on July 10, 2017.
             Was a Believer of Lugonu.
             Slain by an iguana (11 damage)
             ... on level 4 of the Dungeon.
             The game lasted 00:09:38 (2108 turns).

sagitran the Skirmisher (Demonspawn Abyssal Knight) Turns: 2108, Time: 00:09:39

Health: -1/29      AC:  9    Str: 13    XL:     3   Next: 87%
Magic:  5/5        EV: 10    Int: 13    God:    Lugonu [**....]
Gold:   145        SH:  0    Dex: 12    Spells: 2/2 levels left

rFire    . . .     SeeInvis .   a - +1 falchion
rCold    . . .     Gourm    .   (no shield)
rNeg     . . .     Faith    .   e - +0 ring mail
rPois    .         Spirit   .   j - +0 helmet
rElec    .         Reflect  .   (no cloak)
rCorr    .         Harm     .   (no gloves)
MR       .....                  (no boots)
Stlth    ..........             (no amulet)
HPRegen  0.09/turn              g - +3 ring of protection
MPRegen  0.09/turn              (no ring)

@: no status effects
A: claws 1, hooves 1
a: Depart the Abyss, Bend Space, Renounce Religion


You were on level 4 of the Dungeon.
You worshipped Lugonu.
Lugonu was pleased with you.
You were not hungry.

You visited 1 branch of the dungeon, and saw 4 of its levels.
You visited the Abyss 1 time.

You collected 145 gold pieces.

Inventory:

Hand Weapons
 a - a +1 falchion (weapon)
Missiles
 n - 7 tomahawks (quivered)
Armour
 b - a +0 leather armour
 e - a +0 ring mail (worn)
 j - a +0 helmet (worn)
Jewellery
 g - a +3 ring of protection (left claw)
Scrolls
 d - a scroll of enchant weapon {unknown}
 f - a scroll of amnesia {unknown}
 i - a scroll of blinking
 k - 3 scrolls of remove curse {unknown}
 m - 5 scrolls of identify {unknown}
 o - a scroll of teleportation {unknown}
 p - a scroll of magic mapping {unknown}
 r - a scroll of fear {unknown}
 t - a scroll of fog {unknown}
Potions
 l - a potion of heal wounds {unknown}
 q - a potion of curing {unknown}
Comestibles
 c - 2 bread rations
 h - 2 royal jellies
 s - a meat ration


   Skills:
 + Level 3.6 Fighting
 + Level 2.7 Long Blades
 + Level 2.1 Armour
 + Level 1.0 Dodging
 + Level 0.2 Stealth
 + Level 2.9 Invocations


You had 2 spell levels left.
You didn't know any spells.

Dungeon Overview and Level Annotations

Branches:
Dungeon (4/15)
 Temple: D:4-7

Altars:
Ashenzari
Trog

Shops:
D:4 =

Annotations:
D:3 Sigmund


Innate Abilities, Weirdness & Mutations

You have sharp fingernails.
You have large cloven feet.


Message History

There is an open door here.
You see here a worm corpse.
Found 23 stones.
Found a stone staircase leading up.
There is a stone staircase leading up here.
You barely miss the iguana. You kick the iguana, but do no damage.
The iguana bites you.
You hit the iguana. Your kick misses the iguana.
The iguana is moderately wounded.
The iguana bites you!
You completely miss the iguana. Your kick misses the iguana.
The iguana is moderately wounded.
The iguana bites you.
You barely miss the iguana.
The iguana is moderately wounded.
The iguana barely misses you.
You hit the iguana but do no damage.
The iguana is moderately wounded.
The iguana bites you!
You die...

############
...........###.#
......l@..<....#
##########.###.#
##########......##.#
#.............#.##.###.###
#.#........##.#..........#
##.###.(.###.#.####.###.#.#
##.#.........#.# #.#
##.#.#######.#.# #..
##.#.#.....#.#.# #...


You could see an iguana.

Vanquished Creatures
  An adder (D:4)
  A worm (D:4)
  A dart slug (D:2)
  4 leopard geckos
  4 ball pythons
  5 bats
  2 giant cockroaches (D:1)
  9 goblins
  3 hobgoblins
  A quokka (D:2)
  2 frilled lizards (D:1)
  5 kobolds
  A quokka skeleton (D:4)
  4 rats (D:1)
43 creatures vanquished.

Notes
Turn   | Place    | Note
-------+----------+-------------------------------------------
     0 | Abyss:1  | sagitran the Demonspawn Abyssal Knight began the quest for the Orb.
     0 | Abyss:1  | Reached XP level 1. HP: 18/18 MP: 2/2
     5 | D:1      | Escaped the Abyss
   130 | D:1      | Reached skill level 1 in Dodging
   308 | D:1      | Gained mutation: You have large cloven feet. [demonic ancestry]
   308 | D:1      | Reached XP level 2. HP: 22/24 MP: 4/4
   494 | D:1      | Reached ** piety under Lugonu
   685 | D:2      | Gained mutation: You have sharp fingernails. [demonic ancestry]
   685 | D:2      | Reached XP level 3. HP: 29/29 MP: 5/5
  1150 | D:2      | Found a faded altar of an unknown god.
  1231 | D:2      | Found a bloodstained altar of Trog.
  1589 | D:2      | You fall through a shaft for 2 floors!
  1660 | D:4      | Found Quashrou's Jewellery Boutique.
  1680 | D:3      | Found a shattered altar of Ashenzari.
  1682 | D:3      | Noticed Sigmund
  2108 | D:4      | Slain by an iguana

Vault maps used:
D:1:      dpeg_arrival_more_subterranean_lakeside_camping
D:2:      chequers_ecumenical_altar_twisty, minivault_26, bloody_trog
D:3:      cheibrodos_ashenzari_chains, first_bread, st_stairs_13,
          minmay_goblin_outpost, uniq_crazy_yiuf_cottage, uniq_sigmund
D:4:      nicolae_overflow_hidden_temple, serial_shops, shop,
          serial_corexii_hall, corexii_hall_statues_l, corexii_hall_statues_i

Skill      XL: |  1  2 |
---------------+-------+-----
Dodging        | 1 |  1.0
Armour         | 2 |  2.1
Long Blades    | 2 |  2.7
Fighting       | |  3.6
Stealth        | |  0.2
Invocations    | |  2.9

Action                   || total
-------------------------++-------
Melee: Falchion          ||   111
       Kick              ||    11
  Use: Scroll            ||     1
  Eat: Bread ration      ||     1
Armor: Ring mail         ||    69
Dodge: Dodged            ||    59
       Rpst.: Falchion   ||    19
